Map: Molochy na Char

Players

Феникс

  • Race: Protoss Protoss
  • Spawn Location: 9:00

Legol

  • Race: Terran Terran
  • League: Gold

VOD

Have the link to the VOD?

Description

Time

  • Played on: Jan. 6, 2020, 10:44 a.m.
  • Length: 18:38
Show
View Real Time Build Order
Export as new Build Order

Феникс Protoss 

Build Orders:  

Get SALT Encoding   

  12  0:22  Probe (Chrono Boost)  
  12  0:24  Pylon  
  13  0:36  Probe (Chrono Boost)  
  13  0:39  Assimilator  
  14  0:48  Assimilator  
  14  1:00  Probe (Chrono Boost)  
  15  1:14  Probe (Chrono Boost)  
  16  1:27  Probe (Chrono Boost)  
  17  1:41  Probe (Chrono Boost)  
  17  1:45  Gateway  
  18  1:59  Probe (Chrono Boost)  
  19  2:13  Probe (Chrono Boost)  
  19  2:18  Pylon  
  20  2:27  Probe (Chrono Boost)  
  21  2:40  Probe (Chrono Boost)  
  21  2:45  Pylon  
  22  2:54  Probe (Chrono Boost)  
  23  3:01  Cybernetics Core  
  23  3:08  Probe (Chrono Boost)  
  24  3:22  Probe (Chrono Boost)  
  25  3:36  Probe (Chrono Boost)  
  26  3:50  Probe (Chrono Boost)  
  29  4:00  Slayer  
  29  4:17  Robotics Facility  
  29  4:19  Robotics Facility  
  29  4:28  Death Council  
  29  4:43  Pylon  
  29  4:45  Pylon  
  29  6:13  Probe (Chrono Boost)  
  30  6:27  Probe (Chrono Boost)  
  31  6:32  Robotics Bay  
  31  6:41  Probe (Chrono Boost)  
  32  6:55  Probe (Chrono Boost)  
  33  7:09  Probe (Chrono Boost)  
  34  7:41  Nexus  
  34  7:44  Assimilator  
  34  7:53  Assimilator  
  34  7:57  Probe (Chrono Boost)  
  35  8:03  Wraithwalker x2  
  35  8:09  Havoc  
  48  8:11  Probe (Chrono Boost)  
  49  8:25  Probe (Chrono Boost)  
  50  8:39  Probe (Chrono Boost)  
  51  8:46  Havoc  
  52  8:53  Probe (Chrono Boost)  
  53  9:22  Havoc  
  54  9:31  Vanguard, Wraithwalker  
  64  9:45  Pylon  
  64  9:47  Pylon  
  64  9:50  Pylon, Probe (Chrono Boost)  
  64  9:51  Pylon  
  64  9:54  Pylon  
  64  9:57  Probe (Chrono Boost)  
  64  9:59  Havoc  
  67  10:04  Probe (Chrono Boost)  
  68  10:10  Probe (Chrono Boost)  
  68  10:18  Probe (Chrono Boost)  
  70  10:24  Probe (Chrono Boost)  
  70  10:26  Vanguard  
  75  10:32  Probe (Chrono Boost)  
  75  10:36  Havoc  
  77  10:45  Probe (Chrono Boost)  
  74  11:49  Vanguard, Wraithwalker  
  84  12:04  Havoc  
  84  12:08  Probe (Chrono Boost)  
  86  12:22  Probe (Chrono Boost)  
  86  12:23  Pylon  
  86  12:25  Pylon  
  86  12:27  Pylon  
  86  12:28  Pylon, Matter Dispersion  
  87  12:31  Pylon  
  87  12:36  Probe (Chrono Boost)  
  88  12:41  Havoc  
  88  12:44  Vanguard  
  93  12:50  Probe (Chrono Boost)  
  94  13:04  Probe (Chrono Boost), Wraithwalker  
  101  13:17  Fusion Mortars  
  101  13:38  Vanguard  
  104  14:06  Aerial Tracking  
  94  14:19  Wraithwalker  
  95  14:55  Rapid Power Cycling  
  95  15:15  Vanguard  
  99  15:27  Wraithwalker  
  105  15:59  Vanguard  
  109  16:28  Wraithwalker  
  109  16:44  Vanguard  
  119  17:33  Vanguard  
Show
View Real Time Build Order
Export as new Build Order

Legol Terran 

Build Orders:  

Get SALT Encoding   

  12  0:04  SCV  
  13  0:21  SCV  
  14  0:32  Refinery  
  14  0:38  SCV  
  15  0:55  SCV  
  16  1:04  Engineering Bay  
  16  1:12  SCV  
  17  1:29  SCV  
  18  1:35  Gunslingers Hideout  
  18  1:46  SCV  
  19  1:59  Refinery  
  19  2:02  SCV  
  19  2:09  Outlaw Weapons Level 1  
  20  2:19  SCV  
  21  2:36  Muscle Armory, SCV  
  22  2:53  SCV  
  22  2:56  Engineering Bay  
  23  3:01  Tychus  
  23  3:10  SCV  
  24  3:27  SCV  
  25  3:35  Outlaw Life and Armor Level 1  
  25  3:44  SCV  
  26  4:01  SCV  
  27  4:12  Outlaw Weapons Level 2  
  27  4:18  SCV  
  28  4:23  Command Center  
  28  4:35  SCV  
  29  4:44  Fixers Safehouse  
  29  5:21  James Sirius Sykes  
  39  5:41  SCV  
  40  5:58  SCV  
  41  6:11  SCV  
  41  6:14  SCV  
  43  6:26  Medivac Platform  
  43  6:28  Medivac Platform, SCV  
  44  6:35  SCV  
  45  6:45  SCV  
  46  6:51  SCV  
  46  6:55  Outlaw Life and Armor Level 2  
  47  7:09  SCV x2  
  49  7:26  SCV x2  
  51  7:56  Lt Layna Nikara  
  61  8:04  SCV x2  
  63  8:21  SCV x2  
  65  9:23  SCV x2  
  67  9:32  Auto-Turret  
  67  9:33  Auto-Turret  
  67  9:34  Auto-Turret x2  
  67  9:35  Auto-Turret x2  
  67  9:36  Auto-Turret  
  67  9:37  Auto-Turret  
  67  9:38  Auto-Turret  
  67  9:39  Auto-Turret x2  
  67  9:40  SCV x2  
  69  10:54  SCV x2  
  71  11:00  Refinery x2  
  71  11:05  Outlaw Weapons Level 3, Outlaw Life and Armor Level 3  
  71  11:07  Umojan Repair Nanites  
  71  11:11  SCV x2  
  73  11:50  Miles Blaze Lewis  
  83  12:21  Medivac Platform  
  83  12:25  KD9a Implosion Core  
  83  13:41  Vanadium Shell  
  83  13:43  Procyon Serum, Procyon Twin Heal Beam Gauntlet  
  83  14:27  Auto-Turret  
  83  14:28  Auto-Turret x2  
  83  14:30  Auto-Turret  
  83  14:32  Auto-Turret  
  83  14:33  Auto-Turret x2  
  83  14:34  Auto-Turret  
  83  14:35  Auto-Turret  
  83  16:39  Nux  
  93  16:47  SA-55 Thunderbolt Missiles  
  93  16:48  D99 Detonator, Moebius M34 Terror Rounds  
Tags
 
Commander
AlarakTychus
League
Gold
Matchup
Co-op
Add a new tag
Caveats
  • Supply blocks, unpowered buildings, or Contaminate may cause inaccurate times.
  • Supply counts are checked every 10 seconds.